 Dungeon Crawl Stone Soup version 0.21-a0-414-gba8bdf1 (webtiles) character file.

14 Cxzein the Stinger (level 2, 0/19 HPs)
             Began as a Merfolk Venom Mage on Nov 2, 2017.
             Slain by a kobold (4 damage)
             ... on level 1 of the Dungeon.
             The game lasted 00:09:19 (764 turns).

Cxzein the Stinger (Merfolk Venom Mage)              Turns: 764, Time: 00:09:20

Health: 0/19       AC:  3    Str:  8    XL:     2   Next: 41%
Magic:  5/5        EV: 12    Int: 14    God:
Gold:   12         SH:  0    Dex: 14    Spells: 4/5 levels left

rFire    . . .     SeeInvis .   g - +0 dagger
rCold    . . .     Gourm    .   (no shield)
rNeg     . . .     Faith    .   f - +0 leather armour
rPois    .         Spirit   .   (no helmet)
rElec    .         Reflect  .   (no cloak)
rCorr    .         Harm     .   (no gloves)
MR       .....                  (no boots)
Stlth    ++........             (no amulet)
HPRegen  0.06/turn              (no ring)
MPRegen  0.09/turn              (no ring)

@: no status effects
A: change form in water, swift swim, stealthy swim
a: no special abilities


You were on level 1 of the Dungeon.
You were not hungry.

You visited 1 branch of the dungeon, and saw 1 of its levels.

You collected 12 gold pieces.

Inventory:

Hand Weapons
 g - a +0 dagger (weapon)
 h - a +0 club
Missiles
 d - 16 poisoned needles (quivered)
 e - 18 stones
Armour
 a - a +0 robe
 f - a +0 leather armour (worn)
Scrolls
 i - a scroll of identify {unknown}
 j - a scroll of fog {unknown}
Potions
 k - a potion of berserk rage {unknown}
Books
 b - a Young Poisoner's Handbook

   Spells                             Type                      Level
   a - Sting                          Conjuration/Poison           1
   b - Poisonous Vapours              Poison/Air                   2
   c - Mephitic Cloud                 Conjuration/Poison/Air       3
   d - Olgreb's Toxic Radiance        Poison                       4
   e - Venom Bolt                     Conjuration/Poison           5
Comestibles
 c - a bread ration


   Skills:
 + Level 2.9 Dodging
 + Level 2.4 Stealth
 + Level 0.7 Unarmed Combat
 + Level 2.1 Spellcasting
 + Level 0.7 Conjurations
 + Level 3.6 Poison Magic


You had 4 spell levels left.
You knew the following spells:

 Your Spells              Type           Power        Failure   Level  Hunger
a - Sting                 Conj/Pois      #...         14%         1    ##.....


Dungeon Overview and Level Annotations

Branches:
Dungeon (1/15)

Altars:


Message History

The kobold hits you but does no damage. The kobold hits you.
* * * LOW HITPOINT WARNING * * *
The kobold hits you but does no damage. The kobold hits you with a short sword.
* * * LOW HITPOINT WARNING * * *
The kobold hits you but does no damage. The kobold barely misses you.
The kobold hits something but does no damage.
The kobold shouts!
You hear an angry hiss.
The kobold hits you but does no damage. The kobold barely misses you.
The kobold hits you.
* * * LOW HITPOINT WARNING * * *
The kobold misses you. The kobold closely misses you. The kobold hits you.
* * * LOW HITPOINT WARNING * * *
The kobold hits you.
You die...

≈≈≈≈≈≈≈≈≈≈#.##.###.#.#.#
≈≈≈≈≈≈≈≈≈≈#.....##.#.#.#
≈≈≈≈≈≈≈≈≈≈#.....##.#.#.#
≈≈≈≈≈≈≈≈≈≈#..........#.#
≈≈...≈≈≈≈≈#.#.##.#.###.##
≈..<..≈≈≈≈#.#.##.K......#
≈≈...≈≈≈≈≈#w#.##...######
≈≈≈≈≈≈≈≈≈≈#w#.##.K.#
≈≈≈≈≈≈≈≈≈≈#.#.##@K.#
≈≈≈≈≈÷≈≈≈≈#.w..#.#.#
≈≈≈≈≈≈≈≈≈≈#....#.#>#
≈≈≈≈≈≈≈≈≈≈##...#.#.#
≈≈≈≈≈†≈≈≈≈#......#.#
≈≈≈≈≈≈≈≈≈≈#....###.#
≈≈≈≈≈≈≈≈≈≈#....# #.#
≈≈≈†≈≈≈≈≈≈#....# #.#
≈≈≈≈≈≈≈≈≈≈#.#### #.#


You could see 3 kobolds.

Vanquished Creatures
  2 dart slugs (D:1)
  A leopard gecko (D:1)
  2 giant cockroaches (D:1)
  2 goblins (D:1)
  A bat (D:1)
8 creatures vanquished.

Notes
Turn   | Place    | Note
-------+----------+-------------------------------------------
     0 | D:1      | Cxzein the Merfolk Venom Mage began the quest for the Orb.
     0 | D:1      | Reached XP level 1. HP: 13/13 MP: 3/3
   366 | D:1      | Reached XP level 2. HP: 2/19 MP: 0/5
   764 | D:1      | Slain by a kobold

Vault maps used:
D:1:      zaba_arrival_water, lexackson_kobold_supper

Action                   || total
-------------------------++-------
Melee: Unarmed           ||    17
       Tailslap          ||     1
       Dagger            ||    12
 Cast: Sting             ||    15
Armor: Robe              ||     4
       Leather armour    ||    15
Dodge: Dodged            ||    76

Table legend:
 A = Spawn XP
 B = Non-spawn XP
 C = Spawn XP percentage of total XP
 D = Spawn monster count
 E = Non-spawn monster count
 F = Spawn count percentage of total count
 G = Total turns spent on level
                    A         B        C        D         E        F      G
               +---------+---------+-------+---------+---------+-------+---------
         Total |       0 |      20 |   0.0 |       0 |       8 |   0.0 |   764
               +---------+---------+-------+---------+---------+-------+---------
           D:1 |       0 |      20 |   0.0 |       0 |       8 |   0.0 |   764
               +---------+---------+-------+---------+---------+-------+---------
